 Dungeon Crawl Stone Soup version 0.19.4-8-ga85b6b9 (webtiles) character file.

125 Naow the Magician (level 4, 0/24 HPs)
             Began as a Deep Elf Ice Elementalist on Feb 13, 2017.
             Slain by a scorpion (9 damage)
             ... on level 3 of the Dungeon.
             The game lasted 00:08:03 (5066 turns).

Naow the Magician (Deep Elf Ice Elementalist)       Turns: 5066, Time: 00:08:03

Health: 0/24       AC:  8    Str:  5    XL:     4   Next: 82%
Magic:  3/13       EV: 13    Int: 21    God:
Gold:   191        SH:  0    Dex: 15    Spells: 4 memorised, 3 levels left

rFire  . . .     SeeInvis .     (no weapon)
rCold  . . .     Gourm    .     a - +0 robe
rNeg   . . .     Faith    .     (no shield)
rPois  +         Spirit   .     (no helmet)
rElec  .         Reflect  .     (no cloak)
rCorr  .         Harm     .     (no gloves)
MR     .....                    (no boots)
Stlth  ++........               (no amulet)
                                (no ring)
                                (no ring)

@: lethally poisoned (0 -> -10), icy armour, very slightly contaminated, slow
A: deterioration 1, poison resistance, MP-powered wands
a: no special abilities


You were on level 3 of the Dungeon.
You were not hungry.

You visited 1 branch of the dungeon, and saw 4 of its levels.

You collected 191 gold pieces.

Inventory:

Armour
 a - a +0 robe (worn)
 n - a cursed -2 robe
Wands
 r - a wand of enslavement (9/24)
Scrolls
 d - 6 scrolls of identify {unknown}
 h - a scroll of teleportation {unknown}
 k - a scroll of magic mapping {unknown}
 l - a scroll of enchant armour {unknown}
 q - 3 scrolls of noise {unknown}
Potions
 e - a potion of mutation
 f - 2 potions of curing {unknown}
 g - a potion of resistance {unknown}
 i - 2 potions of lignification {unknown}
 j - 2 potions of cancellation {unknown}
 m - a potion of invisibility {unknown}
Books
 b - a book of Frost

   Spells                             Type                      Level
   a - Freeze                         Ice                          1
   b - Throw Frost                    Conjuration/Ice              2
   c - Ozocubu's Armour               Charms/Ice                   3
   d - Throw Icicle                   Conjuration/Ice              4
   e - Summon Ice Beast               Ice/Summoning                4
Comestibles
 c - 2 bread rations


   Skills:
 - Level 2.4 Dodging
 - Level 2.4 Stealth
 + Level 5.2 Spellcasting
 + Level 1.1 Conjurations
 + Level 5.0 Ice Magic


You had 3 spell levels left.
You knew the following spells:

 Your Spells              Type           Power        Failure   Level  Hunger
a - Freeze                Ice            ####         1%          1    None
b - Throw Frost           Conj/Ice       ###...       6%          2    None
c - Ozocubu's Armour      Chrm/Ice       ###.....     14%         3    ##.....
d - Throw Icicle          Conj/Ice       ###.....     34%         4    ####...


Dungeon Overview and Level Annotations

Branches:
Dungeon (4/15)
 Temple: D:4-7

Altars:

Annotations:
D:4 r0y's ghost, amateur MiBe


Innate Abilities, Weirdness & Mutations

Your body sometimes deteriorates upon taking damage.
Your system is resistant to poisons. (rPois)
You expend magic power (3 MP) to strengthen your wands.


Message History

The scorpion stings you.
You climb upwards.
There is a stone staircase leading down here.
Casting: Throw Icicle
Confirm with . or Enter, or press ? or * to list all spells.
A film of ice covers your body! The scorpion stings you.
You closely miss the scorpion.
The scorpion is lightly wounded.
The scorpion closely misses you. The scorpion misses you.
The scorpion closely misses you.
You see here a ring mail.
The scorpion stings you.
You are lethally poisoned!
The scorpion poisons you!
You feel sick.
It was a potion of mutation.
You feel extremely strange.
You feel yourself wasting away.
You feel resistant to poisons.
You feel your magical essence link to your wands.
You feel sick. The scorpion stings you!
You die...

#.####.#.####.##.#..##...#.######
#.####.#.####.##.#......###.#
#.##........#.##.#.#.....#.##
#.##.#.#.##.#.##.......>#.##
.....#.#.##.#...#########.##
#......#........# #...#
###########.#...#### #...#
#########.........# #...#
#......##......@..# #...#
#......#.......s..#####...######
##..<...#.##....##...............
##...............................
##......#.##....##...............
##<.....#.##.##>##.###.#..)#.#.#.
##........[.....##.# #.#...#.#.#.
#######.####.......# #.#.).#.#.#.
# #.####.##.#### #.......#...


You could see a scorpion.

Vanquished Creatures
  A hound skeleton (D:4)
  4 adders
  An ooze (D:2)
  4 worms
  A dart slug (D:1)
  2 leopard geckos
  An orc (D:2)
  4 ball pythons (D:1)
  4 giant cockroaches
  5 goblins
  6 hobgoblins
  7 kobolds
  5 bats
  7 frilled lizards
  9 rats
61 creatures vanquished.

Notes
Turn   | Place    | Note
-------+----------+-------------------------------------------
     0 | D:1      | Naow the Deep Elf Ice Elementalist began the quest for the Orb.
     0 | D:1      | Reached XP level 1. HP: 10/10 MP: 6/6
   473 | D:1      | Reached XP level 2. HP: 15/15 MP: 6/8
   477 | D:1      | Learned a level 2 spell: Throw Frost
  1656 | D:2      | Reached XP level 3. HP: 19/19 MP: 7/10
  1661 | D:2      | Learned a level 3 spell: Ozocubu's Armour
  3175 | D:3      | Reached XP level 4. HP: 24/24 MP: 10/12
  4062 | D:4      | Learned a level 4 spell: Throw Icicle
  4365 | D:3      | Reached skill level 5 in Spellcasting
  4473 | D:4      | Noticed r0y's ghost (amateur MiBe)
  5027 | D:4      | Reached skill level 5 in Ice Magic
  5066 | D:3      | Gained mutation: Your body sometimes deteriorates upon taking damage. [potion of mutation]
  5066 | D:3      | Gained mutation: Your system is resistant to poisons. (rPois) [potion of mutation]
  5066 | D:3      | Gained mutation: You expend magic power (3 MP) to strengthen your wands. [potion of mutation]
  5066 | D:3      | Slain by a scorpion

Skill      XL: |  1  2  3  4 |
---------------+-------------+-----
Ice Magic      | 4 5 |  5.0
Spellcasting   | 4 5 |  5.2
Dodging        | |  2.4
Stealth        | |  2.4
Conjurations   | |  1.1

Action                   |  1- 3 |  4- 6 || total
-------------------------+-------+-------++-------
Melee: Unarmed           |    13 |    17 ||    30
 Cast: Freeze            |    43 |    38 ||    81
       Throw Frost       |    33 |     8 ||    41
       Ozocubu's Armour  |     1 |     2 ||     3
       Throw Icicle      |       |     7 ||     7
  Use: Potion            |       |     1 ||     1
 Stab: Distracted        |     1 |       ||     1
  Eat: Chunk             |     6 |     4 ||    10
       Meat ration       |       |     1 ||     1
Armor: Robe              |     6 |    15 ||    21
Dodge: Dodged            |    30 |    47 ||    77
